 Dungeon Crawl Stone Soup version 0.29.1-15-g9cfb28693d (webtiles) character file.

Game seed: 5757545888053498516

9487 Descartes the Earth Mage (level 11, -15/54 HPs)
             Began as a Gargoyle Earth Elementalist on Mar 23, 2023.
             Was an Initiate of Gozag.
             Demolished by an ice devil (20 damage)
             ... on level 1 of the Orcish Mines.
             The game lasted 00:29:59 (11955 turns).

Descartes the Earth Mage (GrEE)                    Turns: 11955, Time: 00:29:59

Health: -15/54     AC: 19    Str: 17    XL:     11   Next: 47%
Magic:  13/18      EV: 12    Int: 23    God:    Gozag
Gold:   767        SH:  5    Dex: 10    Spells: 12/20 levels left

rFire   . . .      SeeInvis +   R - +11 whip of the Elven Halls {vorpal, Str+3 Int+5}
rCold   . . .      Faith    .   (no shield)
rNeg    + . .      Spirit   .   A - +0 steam dragon scales
rPois   ∞          Reflect  +   l - +0 helmet
rElec   +          Harm     .   J - +0 cloak {rCorr}
rCorr   +          Rampage  .   y - +0 pair of gloves
Will    +....                   D - +0 pair of boots
Stlth   ++........              h - amulet of reflection
HPRegen 0.18/turn               k - ring of willpower
MPRegen 0.16/turn               u - ring of see invisible

@: no status effects
A: sickness immunity, AC +8, negative energy resistance 1, electricity
resistance, torment resistance 1, petrification resistance
a: Renounce Religion, Potion Petition, Call Merchant, Bribe Branch


You were on level 1 of the Orcish Mines.
You worshipped Gozag.
Gozag was pleased with you.
You visited 3 branches of the dungeon, and saw 11 of its levels.

You collected 1811 gold pieces.
You paid 1044 gold pieces to Gozag.

Inventory:

Hand Weapons
 e - a +5 dagger
 p - a +2 whip of distortion
 r - a +2 flail of holy wrath
 z - a +1 glaive of flaming
 H - a +4 morningstar
 R - the +11 whip of the Elven Halls (weapon) {vorpal, Str+3 Int+5}
   (You found it on level 9 of the Dungeon)

   It inflicts extra damage upon your enemies.
   Str:       It affects your strength (+3).
   Int:       It affects your intelligence (+5).
 Y - a +0 quarterstaff of freezing
Missiles
 g - 15 poisoned darts
Armour
 l - a +0 helmet (worn)
 y - a +0 pair of gloves (worn)
 A - +0 steam dragon scales (worn)
 D - a +0 pair of boots (worn)
 J - a +0 cloak of preservation (worn)
 Z - a +2 robe of cold resistance
Magical Staves
 o - a staff of earth
Jewellery
 h - an amulet of reflection (around neck)
 k - a ring of willpower (left hand)
 n - a +4 ring of protection
 u - a ring of see invisible (right hand)
 X - a ring of ice
Wands
 F - a wand of charming (11)
 N - a wand of mindburst (14)
 P - a wand of polymorph (9)
 V - a wand of light (5)
Scrolls
 m - 4 scrolls of teleportation
 s - 2 scrolls of summoning
 v - 3 scrolls of poison
 w - 3 scrolls of noise
 B - a scroll of acquirement {unknown}
 C - 2 scrolls of blinking
 I - a scroll of fog {unknown}
 L - a scroll of torment {unknown}
 M - a scroll of fear {unknown}
 T - a scroll of enchant armour {unknown}
 U - a scroll of silence {unknown}
Potions
 a - 3 potions of flight {unknown}
 b - 2 potions of magic
 c - 3 potions of cancellation {unknown}
 d - 4 potions of curing {unknown}
 i - 3 potions of heal wounds
 j - 7 potions of lignification {unknown}
 q - 2 potions of attraction {unknown}
 x - 2 potions of haste {unknown}
 E - 2 potions of degeneration {unknown}
 G - 3 potions of mutation {unknown}
 K - a potion of resistance {unknown}
 O - a potion of ambrosia {unknown}
 Q - 3 potions of brilliance {unknown}
 W - a potion of berserk rage {unknown}
Miscellaneous
 S - a condenser vane


   Skills:
 - Level 5.0 Armour
 + Level 3.4 Dodging
 - Level 2.1 Stealth
 - Level 5.0 Spellcasting
 - Level 0.7 Transmutations
 + Level 17.5 Earth Magic
 - Level 5.0 Evocations


You had 12 spell levels left.
You knew the following spells:

 Your Spells              Type           Power      Damage    Failure   Level
a - Sandblast             Erth           100%       2d20      0%          1
b - Stone Arrow           Conj/Erth      92%        3d12      1%          3
c - Petrify               Tmut/Erth      47%        N/A       2%          4

Your spell library contained the following spells:

 Spells                   Type           Power      Damage    Failure   Level
 Passwall                 Tmut/Erth      39%        N/A       1%          2
 Apportation              Tloc           10%        N/A       10%         1
 Slow                     Hex            20%        N/A       10%         1
 Ensorcelled Hibernation  Hex/Ice        10%        N/A       14%         2
 Poisonous Vapours        Pois/Air       10%        N/A       14%         2
 Spider Form              Tmut/Pois      7%         N/A       24%         3
 Confusing Touch          Hex            5%         N/A       28%         3
 Gell's Gravitas          Tloc           5%         N/A       28%         3
 Inner Flame              Hex/Fire       5%         N/A       28%         3
 Lesser Beckoning         Tloc           5%         N/A       28%         3
 Summon Guardian Golem    Hex/Summ       5%         N/A       28%         3
 Swiftness                Air            5%         N/A       28%         3
 Teleport Other           Tloc           5%         N/A       28%         3
 Vampiric Draining        Necr           5%         2d6       28%         3
 Anguish                  Hex/Necr       2%         N/A       67%         4
 Cause Fear               Hex            2%         N/A       67%         4
 Alistair's Intoxication  Tmut/Pois      4%         N/A       92%         5
 Orb of Destruction       Conj           2%         9d5       100%        7
 Spellforged Servitor     Conj/Summ      2%         N/A       100%        7
 Discord                  Hex            2%         N/A       100%        8
 Corpse Rot               Necr/Pois/Air  Unusable   N/A       N/A         4

Dungeon Overview and Level Annotations

Branches:
Dungeon (9/15)             Temple (1/1) D:5             Orc (1/2) D:9
   Lair: D:8-11

Altars:
Ashenzari
Cheibriados
Dithmenos
Elyvilon
Fedhas
Gozag
Hepliaklqana
Kikubaaqudgha
Makhleb
Nemelex Xobeh
Okawaru
Qazlal
Ru
Sif Muna
Trog
Uskayaw
Vehumet
Wu Jian
Xom
Yredelemnul
Zin
The Shining One

Portals:
Ice
Cave: Orc:1


Innate Abilities, Weirdness & Mutations

You are immune to sickness and miasma.
Your stone body is resilient. (AC +8)
You are immune to poison.
You resist negative energy. (rN+)
You are resistant to electric shocks. (rElec)
You are resistant to unholy torment.
You are immune to petrification.


Message History

You feel disoriented.
The orc warrior shoots a bolt.
The bolt hits you but does no damage.
Items here: $ )) [.
The orc warrior shoots a bolt.
The bolt misses you.
Things that are here:
4 gold pieces; a +0 trident The orc sorcerer gestures at you while chanting.
The bolt of fire misses the orc.
The bolt of fire misses you.
The orc warrior shoots a bolt.
The bolt barely misses you.
The orc sorcerer mumbles some strange words.
The orc warrior shoots a bolt.
The bolt closely misses you.
The orc warrior shoots a bolt.
The bolt closely misses you.
You hear a shout!
The orc sorcerer casts a spell.
The orc warrior shoots a bolt.
The bolt closely misses you.
You open the door.
An ice devil comes into view.
Found 31 gold pieces.
Found a frozen archway.
There is an open door here.
Casting: Stone Arrow (safe; 1% risk of failure)
Confirm with . or Enter, or press ? or * to list all spells.
Aiming: Stone Arrow (safe; 1% risk of failure)
Press: ? - help, Shift-Dir - straight line, f - ice devil
Aim: an ice devil (76% to hit)
The stone arrow misses the ice devil.
The orc closely misses you.
An ice devil comes into view.
The orange demon closely misses you.
Unknown command.
The ice devil hits you but does no damage.
You hit the ice devil but do no damage. The orc hits you but does no damage.
You block the orange demon's attack.
You barely miss the ice devil. The ice devil hits you!
The ice devil freezes you!
* * * LOW HITPOINT WARNING * * *
The orc hits you but does no damage. The ice devil hits you.
* * * LOW HITPOINT WARNING * * *
The ice devil freezes you!!
You die...
Your body crumbles into a pile of gold.

***
*#...................
#............#......
##.........#.........
#....#...............
*#..............$....
*#.....4............
#...44.4....#$.....
#+#o###...o$$<>$...
#4@.# #...o.....##.
##4## #.........#*,
**#.#**#........##**
*,...,*##.........**
*.$..,**###.....$..,
*.....**,*##........
#..∩..**,,*#........
#######*,,,,,,,,*,,,
**,,**,,*,,,,,


You could see an orange demon (summoned), a hellwing (summoned), 2 ice devils, a
rust devil (summoned) and an orc.

Vanquished Creatures
  Fannar (D:9)
  Erolcha (D:9)
  Pikel (D:8)
  Maggie (D:6)
  A kobold demonologist (D:7)
  A troll (D:9)
  3 hornets
  2 wyverns
  A shadow (D:9)
  5 steam dragons
  5 yaks (D:9)
  Edmund (D:5)
  3 orc warriors
  3 sky beasts
  3 black bears
  A lemure (D:8)
  5 ogres
  2 centaurs
  3 phantoms
  A kobold brigand (D:7)
  A gnoll sergeant (D:5)
  2 necrophages (D:5)
  4 scorpions
  14 wights
  2 troll zombies (D:9)
  13 killer bees
  A howler monkey (D:9)
  3 jellies
  4 hounds
  3 orc priests
  Terence (D:3)
  6 iguanas
  5 orc wizards
  4 ogre zombies (D:9)
  A mummy (D:4)
  Robin (D:2)
  6 gnolls
  5 adders
  3 white imps
  3 ufetubi
  2 worms (D:2)
  A dart slug (D:4)
  45 orcs
  6 ball pythons
  3 bats
  7 endoplasms
  6 giant cockroaches
  7 goblins
  5 hobgoblins
  4 jackals (D:1)
  7 kobolds
  A quokka (D:4)
  5 frilled lizards
  2 goblin skeletons (D:9)
  3 goblin zombies (D:9)
  A hobgoblin zombie (D:9)
  An orc skeleton (D:9)
  11 orc zombies (D:9)
  5 rats
248 creatures vanquished.

Vanquished Creatures (others)
  An orc wizard (D:5)
  3 plants (D:3)
4 creatures vanquished.

Grand Total: 252 creatures vanquished

Notes
Turn   | Place    | Note
-------+----------+-------------------------------------------
     0 | D:1      | Descartes the Gargoyle Earth Elementalist began the quest
                  | for the Orb.
     0 | D:1      | Reached XP level 1. HP: 10/10 MP: 3/3
   324 | D:1      | Reached skill level 1 in Armour
   324 | D:1      | Reached XP level 2. HP: 15/15 MP: 0/5
   440 | D:1      | Reached skill level 4 in Earth Magic
   812 | D:1      | Found a faded altar of an unknown god.
  1142 | D:1      | Reached XP level 3. HP: 19/19 MP: 2/6
  1574 | D:2      | Reached XP level 4. HP: 22/24 MP: 1/7
  1644 | D:2      | Noticed Robin
  1691 | D:2      | Killed Robin
  1692 | D:2      | Reached skill level 5 in Earth Magic
  2043 | D:2      | Found a shadowy altar of Dithmenos.
  3153 | D:3      | Reached XP level 5. HP: 28/28 MP: 5/8
  3272 | D:3      | Found a blossoming altar of Fedhas.
  3329 | D:3      | Found a hazy altar of Hepliaklqana.
  3400 | D:3      | Noticed Terence
  3409 | D:3      | Killed Terence
  4311 | D:4      | Found a snail-covered altar of Cheibriados.
  4470 | D:4      | Reached skill level 6 in Earth Magic
  4573 | D:4      | Noticed an ogre
  4576 | D:4      | Killed an ogre
  4577 | D:4      | Reached XP level 6. HP: 32/32 MP: 6/9
  4627 | D:4      | Learned a level 3 spell: Stone Arrow
  4832 | D:5      | Entered Level 5 of the Dungeon
  4953 | D:5      | Reached skill level 5 in Armour
  5013 | D:5      | Found a staircase to the Ecumenical Temple.
  5024 | Temple   | Entered the Ecumenical Temple
  5240 | Temple   | Became a worshipper of Gozag Ym Sagoz the Greedy
  5380 | D:5      | Reached skill level 7 in Earth Magic
  5380 | D:5      | Reached XP level 7. HP: 36/36 MP: 7/10
  5385 | D:5      | Reached skill level 8 in Earth Magic
  5712 | D:5      | Reached skill level 9 in Earth Magic
  5766 | D:5      | Found a hide-covered altar of Uskayaw.
  5808 | D:5      | Reached XP level 8. HP: 41/41 MP: 8/11
  5952 | D:5      | Noticed Edmund
  5963 | D:5      | Killed Edmund
  5964 | D:5      | Reached skill level 10 in Earth Magic
  6223 | D:6      | Noticed Maggie
  6228 | D:6      | Killed Maggie
  6430 | D:6      | Reached skill level 11 in Earth Magic
  6553 | D:6      | Reached XP level 9. HP: 26/45 MP: 10/15
  6808 | D:6      | Reached skill level 5 in Spellcasting
  7102 | D:6      | Reached skill level 12 in Earth Magic
  7678 | D:7      | Noticed a hornet
  7682 | D:7      | Killed a hornet
  7728 | D:7      | Noticed a kobold demonologist
  7729 | D:7      | Reached skill level 13 in Earth Magic
  7751 | D:7      | Noticed a sixfirhy
  7860 | D:7      | Killed a kobold demonologist
  8113 | D:7      | Reached skill level 14 in Earth Magic
  8181 | D:7      | Reached XP level 10. HP: 38/50 MP: 12/17
  8243 | D:7      | Learned a level 4 spell: Petrify
  8354 | D:7      | Reached skill level 15 in Earth Magic
  8524 | D:7      | Reached skill level 1 in Evocations
  8789 | D:8      | Identified the +8 hand axe of Disarray {drain, rPois Int+6}
  9591 | D:8      | Noticed Pikel
  9619 | D:8      | Killed Pikel
  9819 | D:9      | Identified the +11 whip of the Elven Halls {vorpal, Str+3
                  | Int+5}
 10063 | D:9      | Reached skill level 16 in Earth Magic
 10671 | D:9      | Reached skill level 5 in Evocations
 10671 | D:9      | Reached XP level 11. HP: 54/54 MP: 6/18
 11046 | D:9      | Reached skill level 17 in Earth Magic
 11211 | D:9      | Found a staircase to the Orcish Mines.
 11656 | Orc:1    | Entered Level 1 of the Orcish Mines
 11656 | Orc:1    | Noticed Erolcha
 11776 | Orc:1    | Noticed Fannar
 11888 | D:9      | Killed Erolcha
 11903 | D:9      | Killed Fannar
 11937 | Orc:1    | Noticed an orc sorcerer
 11951 | Orc:1    | Found a frozen archway.
 11955 | Orc:1    | Demolished by an ice devil

Illustrated notes

Levels and vault maps discovered:
D:1:      dpeg_arrival_water_temple_mockup, layout_loops_corners,
          chequers_ecumenical_altar_grove
D:2:      layout_basic, basic_altar, minmay_misc_feat_iff, uniq_robin
D:3:      layout_basic, mainiacjoe_overflow_large_starburst, serial_bayou,
          serial_bayou_shore_b, serial_bayou_lake_a, serial_bayou_shore_b,
          serial_bayou_ford_a, uniq_terence
D:4:      layout_basic, slow_altar_2
D:5:      layout_loops_ring, nicolae_uskayaw_dance_hall,
          minmay_temple_entry_antechambers, uniq_edmund
D:6:      layout_gridville, uniq_maggie
D:7:      layout_cave_pools, minmay_fractal_squares_5
D:8:      layout_cave_pods, uniq_pikel
D:9:      layout_basic, zombieorc1_lemuel, serial_aquarium,
          aquarium_bridge_island_small [aquarium_subvault_small_open,
          aquarium_subvault_window, aquarium_subvault_bridge,
          aquarium_subvault_bridge, aquarium_subvault_balcony],
          aquarium_bridge_straight [aquarium_subvault_bridge,
          aquarium_subvault_window, aquarium_subvault_bridge,
          aquarium_subvault_window], aquarium_window_1, aquarium_window_fake,
          aquarium_window_fake, aquarium_window_corner, aquarium_view_2e
Temple:   hc_temple_tempest_star
Orc:1:    layout_caves, portal_ice_cave_demonic_guard, serial_shops,
          shop_fountains, uniq_erolcha, uniq_fannar

Skill      XL: |  1  2  3  4  5  6  7  8  9 10 11 |
---------------+----------------------------------+-----
Armour         | 1 2 3 4 5 |  5.0
Earth Magic    | 4 5 6 7 9 11 14 16 17 | 17.5
Spellcasting   | 4 5 |  5.0
Evocations     | 5 |  5.0
Dodging        | 3 |  3.4
Stealth        | |  2.1
Transmutations | |  0.7

Action                   |  1- 3 |  4- 6 |  7- 9 | 10-12 || total
-------------------------+-------+-------+-------+-------++-------
Melee: Short sword       |       |    20 |       |       ||    20
       Staff             |       |       |     1 |       ||     1
       Whip              |       |       |       |    15 ||    15
 Cast: Sandblast         |    43 |   114 |   117 |   167 ||   441
       Stone Arrow       |       |       |       |    44 ||    44
Invok: Potion Petition   |       |       |       |     3 ||     3
  Use: Scroll            |       |       |       |     7 ||     7
       Potion            |       |       |       |     1 ||     1
Armor: Robe              |     4 |       |       |       ||     4
       Ring mail         |     3 |    63 |    15 |       ||    81
       Steam dragon scal |       |       |    43 |    99 ||   142
Dodge: Dodged            |     8 |    66 |    51 |   119 ||   244
Block: Other             |     1 |    27 |    15 |    46 ||    89
       Reflection        |       |       |       |     4 ||     4
